cohdb
Replays
Latest Replays
All Replays
Popular Replays
Top Player Replays
Match Explorer
How It Works
Community
CoH3 Stats
Reddit
Sign in to upload your games and track your stats! →
Sign in with Steam
Match 45949841
Unlisted
Match 45949841
Overview
Messages
Build Orders
End
Selects Airborne Battlegroup
Selects Heavy Machine Gun Paradrop
Heavy Machine Gun Paradrop
Construct Barracks
1⁄4-ton 4x4 Truck
Heavy Machine Gun Paradrop
Air Support Center
Selects Paratrooper Squad Paradrop
Paratrooper Squad Paradrop
Paratrooper Squad Paradrop
Paratrooper Squad Paradrop
P-47 Strafing Run
Heavy Machine Gun Paradrop
Paratrooper Squad Paradrop
Construct Medical Station
Construct Tank Depot
Selects Recon Loiter
Selects Paradrop Reinforcements
M4A1 Sherman Medium Tank
M4A1 Sherman Medium Tank
Engineer Squad
P-47 Dive Bomb
Selects Carpet Bombing Run
M4A1 Sherman Medium Tank
P-47 Strafing Run
Advanced Air Reconnaissance
Recon Loiter
P-47 Strafing Run
정신없는슈군
3149797955
Field marshal Prince
달꽃냥
Princess Dani in Metaverse®
VeggenteGrigio
เคี้ยง Roblox
vio
0
0
Comments
sign in to comment!
No comments posted yet!